 Dungeon Crawl Stone Soup version 0.29.0-13-gc9e81de378 (webtiles) character file.

Game seed: 9265965944864266313

622 Frenzy the Poker (level 7, 0/62 HPs)
             Began as a Minotaur Fighter on Sept 9, 2022.
             Was a Priest of Dithmenos.
             Succumbed to Duvessa's poison
             ... on level 4 of the Dungeon.
             The game lasted 00:20:54 (2683 turns).

Frenzy the Poker (Minotaur Fighter)                 Turns: 2683, Time: 00:20:54

Health: 0/62       AC:  8    Str: 22      XL:     7   Next: 22%
Magic:  6/6        EV: 10    Int:  4 (5)  God:    Dithmenos [***...]
Gold:   290        SH:  0    Dex:  8 (10) Spells: 6/6 levels left

rFire   . . .      SeeInvis .   o - +0 halberd
rCold   . . .      Faith    .   (shield currently unavailable)
rNeg    + . .      Spirit   .   b - +1 scale mail
rPois   .          Reflect  .   (helmet restricted)
rElec   .          Harm     .   (no cloak)
rCorr   .          Rampage  .   (no gloves)
Will    .....                   (no boots)
Stlth   ..........              (no amulet)
HPRegen 0.20/turn               h - ring of positive energy
MPRegen 0.10/turn               (no ring)

@: mighty, lethally poisoned (0 -> -50), wreathed by umbra
A: horns 2, retaliatory headbutt
a: Renounce Religion, Shadow Step


You were on level 4 of the Dungeon.
You worshipped Dithmenos.
Dithmenos was most pleased with you.
You visited 2 branches of the dungeon, and saw 5 of its levels.
You also visited: Ossuary.

You collected 290 gold pieces.

Inventory:

Hand Weapons
 a - a +0 trident
 e - a +0 arbalest
 o - a +0 halberd (weapon)
Armour
 b - a +1 scale mail (worn)
 c - a +0 buckler
Jewellery
 h - a ring of positive energy (left hand)
Wands
 k - a wand of flame (17)
Scrolls
 f - a scroll of fog {unknown}
 i - a scroll of teleportation
 m - 2 scrolls of blinking
 p - a scroll of immolation {unknown}
 u - a scroll of fear
Potions
 d - a potion of might
 g - 2 potions of curing
 j - a potion of brilliance
 l - 5 potions of attraction
 n - a potion of ambrosia
 r - a potion of lignification
 s - a potion of berserk rage
 x - a potion of mutation {unknown}
 z - a potion of heal wounds


   Skills:
 + Level 5.6 Fighting
 + Level 6.3 Polearms
 + Level 5.4 Armour
 + Level 1.9 Dodging
 + Level 0.2 Stealth
 + Level 4.9 Shields


You had 6 spell levels left.
You didn't know any spells.
Your spell library contained the following spells:

 Spells                   Type           Power      Damage    Failure   Level
 Summon Small Mammal      Summ           0%         N/A       80%         1
 Call Canine Familiar     Summ           0%         N/A       99%         3
 Summon Guardian Golem    Hex/Summ       0%         N/A       99%         3


Dungeon Overview and Level Annotations

Branches:
Dungeon (4/15)             Temple (1/1) D:4         Ossuary (visited)

Altars:
Dithmenos
Fedhas
Gozag
Hepliaklqana
Kikubaaqudgha
Makhleb
Nemelex Xobeh
Okawaru
Qazlal
Ru
Sif Muna
Trog
Uskayaw
Vehumet
Wu Jian
Xom
Yredelemnul
Zin
The Shining One

Annotations:
D:4 Duvessa


Innate Abilities, Weirdness & Mutations

You have a pair of horns on your head.
You reflexively headbutt those who attack you in melee.


Message History

Dowan moves out of view.
Found a ring mail.
Duvessa, Sister of Dowan comes into view.
She is wielding a +1 short sword of venom.
You feel very mighty all of a sudden.
An adder and a worm come into view.
The adder hisses angrily.
There is an open door here.
You barely miss Duvessa.
Duvessa hits you with a +1 short sword of venom.
You are poisoned.
You barely miss Dowan. You headbutt Dowan!
Dowan is heavily wounded.
You feel very sick. Dowan casts a spell at you. You resist with some effort.
Duvessa hits you but does no damage.
You impale Dowan!!
You kill Dowan!
Dithmenos accepts your kill.
Duvessa weeps, and shakes her weapon.
Duvessa goes berserk!
You feel sick.
Duvessa hits you with a +1 short sword of venom!
You are more poisoned.
Duvessa hits you with a +1 short sword of venom.
You are lethally poisoned!
The adder closely misses you.
You feel your strength returning.
You slash Duvessa!
Duvessa is moderately wounded.
* * * LOW HITPOINT WARNING * * *
You feel extremely sick.
Duvessa hits you with a +1 short sword of venom.
* * * LOW HITPOINT WARNING * * *
You are more poisoned.
The adder barely misses you.
Duvessa hits you with a +1 short sword of venom.
* * * LOW HITPOINT WARNING * * *
You are more poisoned.
You slash Duvessa! You headbutt Duvessa.
Duvessa is heavily wounded.
You die...

#.# #..........##...
##'####..#######.# ..#
#..#.....#######.# ..#
#..###...........#.#.#
#..###...#######.#.#.#
#.†#.....# #.#.#.#
##..####### #.#.#.#
##8..8##..# #.#.#).
+......@S.#### #.#.#.#
#..##..#e[#.)#####<#.#>#
### ####..#............#
..##.#.####..#.#
..##...........#
..#########.#### ..#
#....# ..# #.####
####### ######.#


You could see Duvessa (berserk) and an adder.

Vanquished Creatures
  Menkaure (D:4)
  A water moccasin zombie (Ossuary)
  Dowan (D:4)
  2 jellies (D:4)
  An orc priest (D:3)
  An iguana (D:4)
  Natasha (thrice) (D:2)
  3 mummies
  6 adders
  2 adder zombies (Ossuary)
  A worm (D:2)
  2 dart slugs
  4 orcs (D:3)
  14 ball pythons
  8 endoplasms
  7 giant cockroaches
  3 gnoll zombies (Ossuary)
  9 goblins
  7 hobgoblins
  2 quokkas
  5 bats
  3 frilled lizards
  6 hobgoblin zombies (Ossuary)
  8 kobolds
  6 kobold zombies
  8 orc zombies
  2 rats
116 creatures vanquished.

Vanquished Creatures (others)
  5 fungi (D:4)
5 creatures vanquished.

Grand Total: 121 creatures vanquished

Notes
Turn   | Place    | Note
-------+----------+-------------------------------------------
     0 | D:1      | Frenzy the Minotaur Fighter began the quest for the Orb.
     0 | D:1      | Reached XP level 1. HP: 19/19 MP: 0/0
    62 | D:1      | Reached XP level 2. HP: 24/27 MP: 1/1
   730 | D:2      | Reached XP level 3. HP: 18/33 MP: 2/2
   784 | D:2      | Reached skill level 3 in Polearms
   831 | D:2      | Noticed Natasha
   852 | D:2      | Killed Natasha
   853 | D:2      | Reached XP level 4. HP: 31/41 MP: 3/3
   886 | D:2      | Noticed Natasha
   896 | D:2      | Killed Natasha
   904 | D:2      | Noticed Natasha
   907 | D:2      | Killed Natasha
   965 | D:2      | Reached XP level 5. HP: 39/47 MP: 4/4
   987 | D:2      | Reached skill level 4 in Polearms
   992 | D:2      | Reached skill level 1 in Dodging
  1017 | D:2      | Found a faded altar of an unknown god.
  1039 | D:2      | Prayed at the altar of an unknown god.
  1039 | D:2      | Became a worshipper of Dithmenos the Shadowed
  1039 | D:2      | Reached * piety under Dithmenos
  1469 | D:3      | Reached ** piety under Dithmenos
  1826 | D:4      | Found a staircase to the Ecumenical Temple.
  1861 | Temple   | Entered the Ecumenical Temple
  2051 | D:4      | Found a sand-covered staircase.
  2055 | D:4      | Reached skill level 5 in Armour
  2058 | Ossuary  | Entered an ossuary
  2104 | Ossuary  | Reached skill level 5 in Fighting
  2104 | Ossuary  | Reached XP level 6. HP: 56/56 MP: 5/5
  2151 | Ossuary  | Reached skill level 5 in Polearms
  2350 | D:4      | Found a radiant altar of Vehumet.
  2351 | D:4      | Found a sparkling altar of Nemelex Xobeh.
  2355 | D:4      | Noticed Menkaure
  2362 | D:4      | Killed Menkaure
  2363 | D:4      | Reached skill level 6 in Polearms
  2375 | D:4      | Reached XP level 7. HP: 49/61 MP: 6/6
  2670 | D:4      | Reached *** piety under Dithmenos
  2676 | D:4      | Noticed Dowan
  2677 | D:4      | Noticed Duvessa
  2681 | D:4      | Killed Dowan
  2683 | D:4      | Succumbed to Duvessa's poison

Illustrated notes

Levels and vault maps discovered:
D:1:      lightli_arrival_farm, layout_basic
D:2:      minmay_diamond_boxcup, layout_basic,
          dreamdust_ecumenical_altar_statues, uniq_natasha
D:3:      cheibrodos_pilgrimage, layout_rooms
D:4:      minmay_chambers_of_twos, layout_loops_ring, jmf_multi_god_temple,
          mainiacjoe_overflow_alcove_1, minmay_temple_entry_trees,
          serial_aquarium, aquarium_bridge_straight [aquarium_subvault_bridge,
          aquarium_subvault_window, aquarium_subvault_bridge,
          aquarium_subvault_wall], aquarium_window_1,
          aquarium_window_corridor_1, aquarium_view_2g, aquarium_view_2d,
          nicolae_ossuary_entry_giza, uniq_menkaure, uniq_duvessa
Temple:   nicolae_temple_bog_church

Skill      XL: |  1  2  3  4  5  6 |
---------------+-------------------+-----
Armour         | 4 5 |  5.4
Shields        | 4 |  4.9
Fighting       | 4 5 |  5.6
Polearms       | 3 4 6 |  6.3
Dodging        | 1 |  1.9
Stealth        | |  0.2

Action                   |  1- 3 |  4- 6 |  7- 9 || total
-------------------------+-------+-------+-------++-------
Melee: Trident           |    70 |   182 |       ||   252
       Headbutt          |     6 |    29 |     5 ||    40
       Halberd           |       |     6 |    15 ||    21
  Use: Scroll            |     3 |     9 |       ||    12
       Potion            |       |     9 |     1 ||    10
Armor: Scale mail        |    38 |    60 |     9 ||   107
Dodge: Dodged            |    44 |    81 |     5 ||   130
Block: Buckler           |    15 |    39 |       ||    54
